 Dungeon Crawl Stone Soup version 0.30-b1-2-g02819fbbbe (webtiles) character file.

Game seed: 450926500280656431

14521 raph the Arsonist (level 11, 0/64 HPs)
             Began as a Deep Elf Fire Elementalist on Nov 19, 2023.
             Was an Initiate of Gozag.
             Slain by a cane toad (18 damage)
             ... on level 10 of the Dungeon.
             The game lasted 00:22:01 (15263 turns).

raph the Arsonist (Deep Elf Fire Elementalist)     Turns: 15263, Time: 00:22:01

Health: 0/64       AC: 11    Str: 11    XL:     11   Next: 89%
Magic:  1/27       EV: 16    Int: 28    God:    Gozag
Gold:   2036       SH:  0    Dex: 15    Spells: 7/30 levels left

rFire   . . .        s - +0 shortbow (heavy)
rCold   . . .        (shield currently unavailable)
rNeg    . . .        O - +3 toga "Victory" {*Victory Int+3 Slay+3 Clar}
rPois   .            (no helmet)
rElec   .            f - +1 cloak
rCorr   .            u - +2 pair of gloves
SInv    .            i - +0 pair of boots
Will    +....        r - amulet of regeneration
Stlth   ++           t - ring of wizardry
HPRegen 1.10/turn    v - +6 ring of strength
MPRegen 0.20/turn

%: clarity, wizardry (x1)
@: gold aura
A: no striking features
a: Renounce Religion, Potion Petition, Call Merchant, Bribe Branch


You were on level 10 of the Dungeon.
You worshipped Gozag.
Gozag was most pleased with you.
You visited 2 branches of the dungeon, and saw 13 of its levels.
You also visited: Ossuary.

You collected 2110 gold pieces.
You paid 74 gold pieces to Gozag.

Inventory:

Hand Weapons
 d - a +1 short sword
 g - a +4 quarterstaff of chaos
 s - a +0 heavy shortbow (weapon)
Missiles
 j - 6 boomerangs
 k - 40 poisoned darts
 x - 4 throwing nets
 G - 2 boomerangs of dispersal
 N - a curare-tipped dart
Armour
 f - a +1 cloak (worn)
 i - a +0 pair of boots (worn)
 u - a +2 pair of gloves (worn)
 H - +0 steam dragon scales
 O - the +3 toga "Victory" (worn) {*Victory Int+3 Slay+3 Clar}
   (You found it on level 11 of the Dungeon)

   *Victory:  When the wearer kills a threatening monster, it has a chance to
   gain +1 AC, +1 Slay, and +1 Int, capping at +7.
   When the wearer uses a scroll or a potion with a hostile monster in sight,
   its bonuses reset to +0.
   Unequipping it also resets its bonuses to +0.
   Int:       It affects your intelligence (+3).
   Slay:      It affects your accuracy & damage with ranged weapons and melee
   (+3).
   Clar:      It protects you from confusion, rage, mesmerisation and fear.
Jewellery
 l - an amulet of magic regeneration
 r - an amulet of regeneration (around neck)
 t - a ring of wizardry (left hand)
 v - a +6 ring of strength (right hand)
 L - a ring of magical power
Wands
 a - a wand of flame (35)
 b - a wand of iceblast (4)
 w - a wand of paralysis (5)
 J - a wand of light (5)
 K - a wand of polymorph (8)
Scrolls
 e - a scroll of enchant weapon
 m - 5 scrolls of fear
 p - 2 scrolls of immolation
 y - a scroll of blinking
 B - a scroll of magic mapping
 F - 4 scrolls of fog
 I - a scroll of acquirement {unknown}
 M - 2 scrolls of teleportation
 P - a scroll of amnesia
Potions
 c - 4 potions of flight
 h - 3 potions of brilliance
 n - 4 potions of curing
 o - 3 potions of haste
 q - 2 potions of cancellation
 z - 4 potions of heal wounds
 A - 6 potions of attraction
 C - a potion of ambrosia {unknown}
 D - a potion of lignification {unknown}
 E - 2 potions of mutation {unknown}


   Skills:
 + Level 6.0 Fighting
 + Level 7.3 Ranged Weapons
 + Level 9.1 Dodging
 - Level 2.4 Stealth
 + Level 10.1 Spellcasting
 + Level 7.9 Conjurations
 * Level 11.9 Fire Magic
 - Level 5.3 Poison Magic


You had 7 spell levels left.
You knew the following spells:

 Your Spells              Type           Power      Damage    Failure   Level
a - Foxfire               Conj/Fire      100%       2x1d9     1%          1
b - Scorch                Fire           100%       2d9       1%          2
c - Inner Flame           Hex/Fire       47%        N/A       1%          3
d - Volatile Blastmotes   Fire/Tloc      94%        2d17      1%          3
e - Spider Form           Tmut/Pois      29%        N/A       1%          3
f - Flame Wave            Conj/Fire      63%        2d15      1%          4
g - Olgreb's Toxic Radia  Pois           44%        N/A       1%          4
h - Portal Projectile     Hex/Tloc       28%        N/A       4%          3

Your spell library contained the following spells:

 Spells                   Type           Power      Damage    Failure   Level
 Beastly Appendage        Tmut           28%        N/A       1%          1
 Sting                    Tmut/Pois      100%       1d8       1%          1
 Poisonous Vapours        Pois/Air       58%        N/A       1%          2
 Wereblood                Tmut           14%        N/A       2%          2
 Call Canine Familiar     Summ           14%        N/A       4%          3
 Leda's Liquefaction      Hex/Erth       7%         N/A       16%         4


Dungeon Overview and Level Annotations

Branches:
Dungeon (12/15)            Temple (0/1) D:4            Lair (1/5) D:10
    Orc (0/2) D:10        Ossuary (visited)

Altars:
Ashenzari
Cheibriados
Fedhas
Gozag
Kikubaaqudgha
Okawaru
Ru
Sif Muna
The Shining One

Annotations:
D:8 dig


Message History

Confirm with . or Enter, or press ? or * to list all spells.
You begin to radiate toxic energy.
The yak is poisoned.
The yak is no longer distracted by gold.
The yak is poisoned. x3; The komodo dragon is poisoned. x2
The yak looks even sicker. x4; The komodo dragon looks even sicker. x2
The komodo dragon misses you. The yak closely misses you.
The cane toad closely misses you. The komodo dragon closely misses you.
Casting: Olgreb's Toxic Radiance (dangerous; 1% risk of failure)
Confirm with . or Enter, or press ? or * to list all spells.
You don't have enough magic to cast this spell.
Unknown command.
You kill the yak!
The komodo dragon looks even sicker.
Your toxic aura wanes.
The +2 toga "Victory" glows.
You kill the komodo dragon!
The cane toad stings you but does no damage.
The komodo dragon completely misses you.
You climb upwards.
Welcome back to the Dungeon!
There is a staircase to the Lair here.
You shoot an arrow. The arrow hits the komodo dragon!
The komodo dragon is almost dead.
The cane toad stings you!! The komodo dragon bites you!
The cane toad stings you!
* * * LOW HITPOINT WARNING * * *
The cane toad stings you but does no damage.
The cane toad closely misses you.
Casting: Olgreb's Toxic Radiance (dangerous; 1% risk of failure)
Confirm with . or Enter, or press ? or * to list all spells.
Casting: Flame Wave (safe; 1% risk of failure)
Press: ? - help, Dir - look around, f - activate A wave of flame ripples out!
The flame wave engulfs the cane toad.
The cane toad is heavily wounded.
The flame wave engulfs the komodo dragon!!
The +3 toga "Victory" glows.
You kill the komodo dragon! (Press . to intensify the flame waves.)
The cane toad stings you!!
You die...
Your body crumbles into a pile of gold.

.# ##..?#....)..#
.# ###.#.......# .#
#.'.......# ##
###.......#
######.##
#######..####
###...........#
#####.'...........#
..##..#.......).@.#
..#..##.........F$#
..#.###..........>#
|...# #...........#
..### ######'######
### #.# # #.# #
#.## ##### #..#


You could see a cane toad.

Vanquished Creatures
  Harold (D:11)
  5 two-headed ogres
  Amaemon (D:11)
  A cane toad (D:10)
  Maggie (D:7)
  An orange demon (D:11)
  4 kobold demonologists (D:11)
  3 komodo dragons
  Grinder (D:3)
  2 shadows
  Sigmund (D:5)
  2 wyverns
  2 vampires
  14 yaks
  5 vampire mosquitoes
  Menkaure (D:4)
  An acid dragon (D:8)
  A water moccasin (D:7)
  4 black bears
  2 ice beasts
  3 sky beasts
  4 centaurs
  A phantom (D:7)
  6 kobold brigands
  Blork the orc (D:4)
  5 bullfrogs
  A scorpion (D:7)
  4 water moccasin zombies (Ossuary)
  6 howler monkeys
  A gnoll bouda (D:6)
  3 hounds
  2 jellies (D:6)
  8 orc priests
  Crazy Yiuf (D:3)
  Ijyb (D:3)
  6 iguanas
  16 orc wizards
  2 mummies (Ossuary)
  9 adders
  4 gnolls (D:6)
  4 shadow imps
  2 white imps
  An ufetubus (D:6)
  4 adder zombies (Ossuary)
  A worm (D:2)
  3 dart slugs
  34 orcs
  3 ball pythons
  8 endoplasms
  4 giant cockroaches
  5 gnoll zombies (Ossuary)
  3 hobgoblins
  12 jackals
  5 quokkas
  5 bats
  3 frilled lizards
  5 goblins
  2 hobgoblin zombies (Ossuary)
  14 kobolds
  7 kobold zombies (Ossuary)
  8 orc zombies (Ossuary)
  3 rats
273 creatures vanquished.

Vanquished Creatures (others)
  594 foxfires
  A fungus (Lair:1)
  5 plants
600 creatures vanquished.

Grand Total: 873 creatures vanquished

Notes
Turn   | Place    | Note
-------+----------+-------------------------------------------
     0 | D:1      | raph the Deep Elf Fire Elementalist began the quest for the
                  | Orb.
     0 | D:1      | Reached XP level 1. HP: 10/10 MP: 6/6
   334 | D:1      | Reached XP level 2. HP: 15/15 MP: 6/8
  1260 | D:1      | Learned a level 2 spell: Scorch
  1935 | D:2      | Reached XP level 3. HP: 20/20 MP: 5/9
  2708 | D:2      | Reached skill level 4 in Fire Magic
  3102 | D:3      | Reached skill level 1 in Fighting
  3181 | D:3      | Reached XP level 4. HP: 25/25 MP: 4/11
  3245 | D:3      | Found a faded altar of an unknown god.
  3249 | D:3      | Noticed Ijyb
  3261 | D:3      | Killed Ijyb
  3283 | D:3      | Noticed Grinder
  3494 | D:3      | Killed Grinder
  3495 | D:3      | Reached skill level 5 in Fire Magic
  3495 | D:3      | Reached XP level 5. HP: 30/30 MP: 3/13
  3495 | D:3      | Reached XP level 6. HP: 35/35 MP: 3/14
  3624 | D:3      | Learned a level 3 spell: Inner Flame
  3628 | D:3      | Learned a level 3 spell: Volatile Blastmotes
  3726 | D:3      | Found a runed translucent door.
  3727 | D:3      | Noticed Crazy Yiuf
  3735 | D:3      | Killed Crazy Yiuf
  4273 | D:3      | Found a snail-covered altar of Cheibriados.
  4326 | D:4      | Noticed Blork the orc
  4334 | D:4      | Killed Blork the orc
  4425 | D:4      | Learned a level 2 spell: Poisonous Vapours
  4529 | D:4      | Reached skill level 5 in Spellcasting
  4529 | D:4      | Reached XP level 7. HP: 38/40 MP: 1/16
  4537 | D:4      | Reached skill level 6 in Fire Magic
  4687 | D:4      | Reached skill level 1 in Poison Magic
  4793 | D:4      | Found a sacrificial altar of Ru.
  4875 | D:4      | Found an opulent altar of Gozag.
  4880 | D:4      | Became a worshipper of Gozag Ym Sagoz the Greedy
  4946 | D:4      | Learned a level 4 spell: Flame Wave
  5091 | D:4      | Found a shimmering blue altar of Sif Muna.
  5180 | D:4      | Noticed Menkaure
  5185 | D:4      | Killed Menkaure
  5319 | D:4      | Found a staircase to the Ecumenical Temple.
  5389 | D:5      | Entered Level 5 of the Dungeon
  5395 | D:5      | Reached XP level 8. HP: 42/45 MP: 10/18
  5506 | D:5      | Found a sand-covered staircase.
  5512 | Ossuary  | Entered an ossuary
  5570 | Ossuary  | Reached skill level 5 in Dodging
  5840 | Ossuary  | Reached skill level 7 in Fire Magic
  6287 | D:5      | Noticed Sigmund
  6293 | D:5      | Killed Sigmund
  7347 | D:6      | Reached XP level 9. HP: 51/51 MP: 13/21
  7352 | D:6      | Learned a level 4 spell: Olgreb's Toxic Radiance
  7470 | D:6      | Reached skill level 8 in Fire Magic
  7487 | D:6      | Reached skill level 1 in Ranged Weapons
  8483 | D:6      | Reached skill level 5 in Conjurations
  8742 | D:7      | Noticed Maggie
  9239 | D:7      | Killed Maggie
  9268 | D:7      | Reached skill level 9 in Fire Magic
 10298 | D:8      | You fall into a shaft and drop 3 floors!
 10364 | D:11     | Found the +0 toga "Victory" {*Victory Clar}
 10366 | D:11     | Noticed a komodo dragon
 10485 | D:11     | Noticed a kobold demonologist
 10496 | D:10     | Entered Level 10 of the Dungeon
 10503 | D:9      | Reached XP level 10. HP: 58/58 MP: 16/23
 10885 | D:8      | Noticed a two-headed ogre
 10896 | D:8      | Killed a two-headed ogre
 10897 | D:8      | Reached skill level 5 in Poison Magic
 11050 | D:8      | Noticed a two-headed ogre
 11064 | D:8      | Killed a two-headed ogre
 11663 | D:9      | Reached skill level 10 in Fire Magic
 11729 | D:9      | Found a blossoming altar of Fedhas.
 11833 | D:9      | Learned a level 3 spell: Spider Form
 11837 | D:9      | Learned a level 3 spell: Portal Projectile
 11936 | D:9      | Found a broken altar of Ashenzari.
 12119 | D:10     | Found a staircase to the Lair.
 12122 | D:10     | Noticed a two-headed ogre
 12129 | D:10     | Killed a two-headed ogre
 12130 | D:10     | Reached skill level 5 in Fighting
 12130 | D:10     | Reached skill level 5 in Ranged Weapons
 12182 | D:10     | Found an iron altar of Okawaru.
 12419 | D:10     | Found an ancient bone altar of Kikubaaqudgha.
 12431 | D:10     | Found a glowing golden altar of the Shining One.
 12616 | D:10     | Noticed a two-headed ogre
 12622 | D:10     | Killed a two-headed ogre
 12623 | D:10     | Reached XP level 11. HP: 64/64 MP: 17/26
 12716 | D:10     | Found a staircase to the Orcish Mines.
 13513 | D:11     | Reached skill level 11 in Fire Magic
 13773 | D:11     | Noticed a two-headed ogre
 13786 | D:11     | Killed a two-headed ogre
 13912 | D:11     | Noticed Harold
 13923 | D:11     | Killed Harold
 14739 | D:11     | Noticed Amaemon
 14745 | D:11     | Killed Amaemon
 15034 | Lair:1   | Entered Level 1 of the Lair of Beasts
 15054 | D:10     | Reached skill level 10 in Spellcasting
 15263 | D:10     | Slain by a cane toad

Illustrated notes

Levels and vault maps discovered:
D:1:      co_arrival_random_square_maze, layout_loops_corners
D:2:      layout_basic
D:3:      layout_rooms, mainiacjoe_overflow_alcove_2,
          ebering_ecumenical_altar_mist, uniq_ijyb, uniq_crazy_yiuf_cottage,
          uniq_grinder
D:4:      layout_rooms, amcnicky_altar_gilded,
          nicolae_gozag_cash_rules_everything_around_me,
          nicolae_ru_awakened_eye, temple_hall, minmay_distorted, uniq_menkaure,
          uniq_blork_the_orc
D:5:      layout_basic, nicolae_ossuary_entry_plus, kennysheep_small_circle,
          uniq_sigmund
D:6:      layout_basic
D:7:      layout_cave_pools, chequers_serial_rivers_micro_a,
          grunt_decor_one_mirror, uniq_maggie
D:8:      layout_basic, minmay_misc_feat_more_columns,
          nicolae_straight_to_the_point
D:9:      layout_cave_pools, kennysheep_mini_moat, fedhas_ov_isle_minmay
D:10:     layout_roguey, okawaru_ov_weapons_minmay, minitemple,
          lair_entry_dummy, orc_0_dummy, kennysheep_flooded_box
D:11:     layout_loops_ring, uniq_amaemon, uniq_harold
D:12:     layout_irregular_city, uniq_gastronok
Lair:1:   layout_gridlike, grunt_megastairs_3

Skill      XL: |  1  2  3  4  5  6  7  8  9 10 11 |
---------------+----------------------------------+-----
Dodging        | 3 4 5 6 8 9 |  9.1
Fire Magic     | 4 5 6 7 9 10 11 | 11.9
Fighting       | 1 2 3 4 5 6 |  6.0
Conjurations   | 2 3 4 5 6 7 |  7.9
Spellcasting   | 4 5 6 7 9 10 | 10.1
Poison Magic   | 2 3 4 5 |  5.3
Ranged Weapons | 3 5 7 |  7.3
Stealth        | |  2.4

Action                     |  1- 3 |  4- 6 |  7- 9 | 10-12 || total
---------------------------+-------+-------+-------+-------++-------
  Melee: Short sword       |     1 |     3 |       |       ||     4
   Fire: Shortbow          |       |     1 |    76 |    20 ||    97
   Cast: Foxfire           |    88 |    56 |   139 |    72 ||   355
         Scorch            |     6 |     9 |    46 |    48 ||   109
         Poisonous Vapours |       |     1 |     1 |       ||     2
         Flame Wave        |       |       |    22 |    30 ||    52
         Inner Flame       |       |       |     7 |     3 ||    10
         Volatile Blastmot |       |       |       |    13 ||    13
         Olgreb's Toxic Ra |       |       |       |     1 ||     1
  Evoke: Wand              |       |       |       |     2 ||     2
    Use: Scroll            |       |     9 |     7 |     7 ||    23
         Potion            |       |     1 |     1 |     1 ||     3
   Stab: Sleeping          |     1 |       |       |       ||     1
 Armour: Robe              |     3 |    12 |    25 |    13 ||    53
         Steam dragon scal |       |       |     6 |    16 ||    22
  Dodge: Dodged            |    11 |     8 |    65 |    74 ||   158
